 Dungeon Crawl Stone Soup version 0.25.1-2-g60ff931df9 (console) character file.

Game seed: 360086212785998835

25 Colgate the Conjurer (level 3, 16/16 HPs)
             Began as a Vine Stalker Conjurer on Aug 5, 2020.
             Quit the game on level 1 of the Dungeon.
             The game lasted 00:06:56 (1345 turns).

Colgate the Conjurer (Vine Stalker Conjurer)        Turns: 1345, Time: 00:06:57

Health: 16/16      AC:  2    Str: 10    XL:     3   Next: 4%
Magic:  7/7        EV: 12    Int: 16    God:
Gold:   32         SH:  0    Dex: 14    Spells: 3/6 levels left

rFire    . . .     SeeInvis .   f - -2 hand axe (curse)
rCold    . . .     Gourm    .   (no shield)
rNeg     . . .     Faith    .   a - +0 robe
rPois    .         Spirit   +   (no helmet)
rElec    .         Reflect  .   (no cloak)
rCorr    .         Harm     .   (no gloves)
MR       .....                  (no boots)
Stlth    ++........             (no amulet)
HPRegen  0.05/turn              (no ring)
MPRegen  0.10/turn              (no ring)

@: no status effects
A: fangs 2, magic shield, antimagic bite, no potion heal 3, rot immunity
a: no special abilities


You were on level 1 of the Dungeon.
You were not hungry.

You visited 1 branch of the dungeon, and saw 1 of its levels.

You collected 32 gold pieces.

Inventory:

Hand Weapons
 f - a cursed -2 hand axe (weapon)
 h - a +0 dagger
Armour
 a - a +0 robe (worn)
Scrolls
 b - a scroll of identify {unknown}
 d - a scroll of fear {unknown}
 g - 2 scrolls of immolation {unknown}
 j - a scroll of remove curse {unknown}
Potions
 e - a potion of curing {unknown}
 i - 2 potions of might {unknown}
Comestibles
 c - 2 rations


   Skills:
 - Level 1.5 Dodging
 - Level 2.4 Stealth
 - Level 2.1 Spellcasting
 + Level 4.9 Conjurations


You had 3 spell levels left.
You knew the following spells:

 Your Spells              Type           Power        Failure   Level  Hunger
a - Magic Dart            Conj           ###.         2%          1    #......
b - Searing Ray           Conj           ###...       4%          2    ###....

Your spell library contained the following spells:

 Spells                   Type           Power        Failure   Level  Hunger
 Dazzling Flash           Conj/Hex       #.....       22%         3    ###....
 Fulminant Prism          Conj/Hex       #.........   58%         4    #####..
 Iskenderun's Mystic Bla  Conj/Tloc      #.......     58%         4    #####..


Dungeon Overview and Level Annotations

Branches:
Dungeon (1/15)

Altars:


Innate Abilities, Weirdness & Mutations

You have extremely sharp teeth.
When hurt, damage is shared between your health and your magic reserves.
Your bite disrupts and absorbs the magic of your enemies.
Potions cannot restore your health.
You are immune to rotting.


Message History

Some of the chunks of flesh in your inventory have rotted away.
j - a scroll labeled QOPIMO MIJAPH Eating a chunk of flesh.
You eat the chunk of flesh.
This raw flesh tastes terrible.
You now have 32 gold pieces (gained 11).
There is an open door here.
You enter the shallow water.
Moving in this stuff is going to be slow.
Partly explored, can't reach some places.
Partly explored, can't reach some places.
Press: ? - help, v - describe, . - travel Some shallow water.
Unknown command.
Search for what [? for help]? d:1
There is an open door here.
There is a stone staircase leading down here.
You see here a hand axe.
f - a hand axe It sticks to your hand!
f - a cursed -2 hand axe (weapon)
Are you sure you want to abandon this character and quit the game? (Confirm with "yes".)

##.## #.# #...[..... ##...###.#
#.###.##.. ##.....##.#
###.##...#..
#####.........#####...........
#.............##.##.#.##...#>.
#.###.......#.#.#.#รท#.###.##..
#.# ##.........###.)#.###.#...
#.# #........## ##.#.#...##..
#.####.........###..#.#...###.
#......#....#...#...........#.
#.######.....@.#.##.........#.
##.## #.####.#..####.......#.
##...## #.####.........#...###.
##.....##
#......................
#.......#
########....#####.#####
#.......# #.##.# #.# #.......#
#>##.# ##.## ##.....## #.##.#
#...# ##...## #.##.# #.#.# #
##.#############.##.# #...# #
#.>.............##.# #..#####


There were no monsters in sight!

Vanquished Creatures
  A leopard gecko (D:1)
  A hobgoblin (D:1)
  8 jackals (D:1)
  2 kobolds (D:1)
  4 bats (D:1)
  2 frilled lizards (D:1)
  A goblin (D:1)
  4 rats (D:1)
23 creatures vanquished.

Notes
Turn   | Place    | Note
-------+----------+-------------------------------------------
     0 | D:1      | Colgate the Vine Stalker Conjurer began the quest for the
                  | Orb.
     0 | D:1      | Reached XP level 1. HP: 9/9 MP: 4/4
   224 | D:1      | Reached XP level 2. HP: 6/13 MP: 3/6
   228 | D:1      | Learned a level 2 spell: Searing Ray
   929 | D:1      | Reached XP level 3. HP: 16/16 MP: 4/7
  1345 | D:1      | Quit the game

Illustrated notes

Levels and vault maps discovered:
D:1:      saegor_arrival_simple_d, layout_loops_ring

Action                   || total
-------------------------++-------
Melee: Unarmed           ||    23
       Bite              ||     9
       Dagger            ||     8
 Cast: Magic Dart        ||    29
       Searing Ray       ||     5
 Stab: Sleeping          ||     3
  Eat: Chunk             ||     2
Armor: Robe              ||     9
Dodge: Dodged            ||    35
